 Dungeon Crawl Stone Soup version 0.23.2-1-ga50397a (webtiles) character file.

Game seed: 18441900927407260393

524 goulibeur the Skirmisher (level 7, -14/61 HPs)
             Began as a Yellow Draconian Berserker on May 20, 2019.
             Was a Believer of Trog.
             Demolished by Menkaure (16 damage)
             ... on level 4 of the Dungeon.
             The game lasted 00:06:21 (2543 turns).

goulibeur the Skirmisher (DrBe)                     Turns: 2543, Time: 00:06:22

Health: -14/61     AC:  7    Str: 19    XL:     7   Next: 2%
Magic:  7/7        EV: 14    Int:  8    God:    Trog [**....]
Gold:   225        SH:  0    Dex: 12    Spells: 6/6 levels left

rFire    . . .     SeeInvis .   s - +0 flail
rCold    . . .     Gourm    .   (no shield)
rNeg     . . .     Faith    .   (armour unavailable)
rPois    .         Spirit   .   (helmet restricted)
rElec    .         Reflect  .   (no cloak)
rCorr    +         Harm     .   (no gloves)
MR       .....                  r - +0 pair of boots
Stlth    +.........             (no amulet)
HPRegen  0.20/turn              (no ring)
MPRegen  0.10/turn              (no ring)

@: lethally poisoned (-14 -> -16)
A: spit acid, unfitting armour, cold-blooded, acid resistance, AC +6
a: Breathe Acid, Berserk, Trog's Hand, Renounce Religion


You were on level 4 of the Dungeon.
You worshipped Trog.
Trog was pleased with you.
You were not hungry.

You visited 1 branch of the dungeon, and saw 3 of its levels.

You collected 225 gold pieces.

Inventory:

Hand Weapons
 a - a +0 mace
 s - a +0 flail (weapon)
Missiles
 d - 36 stones (quivered)
Armour
 r - a +0 pair of boots (worn)
Jewellery
 k - an uncursed ring of flight {unknown}
Scrolls
 e - a scroll of identify {unknown}
 f - 3 scrolls of teleportation {unknown}
 g - a scroll of random uselessness {unknown}
 h - 2 scrolls of fear {unknown}
 n - a scroll of enchant weapon {unknown}
 q - 2 scrolls of blinking {unknown}
Potions
 c - 2 potions of mutation {unknown}
 i - a potion of might {unknown}
 j - a potion of degeneration {unknown}
 l - a potion of brilliance {unknown}
 m - 2 potions of curing {unknown}
 p - a potion of lignification {unknown}
Comestibles
 b - 5 rations
 o - 2 chunks of flesh


   Skills:
 + Level 5.2 Fighting
 + Level 4.7 Maces & Flails
 + Level 3.1 Throwing
 + Level 4.3 Dodging


You had 6 spell levels left.
You didn't know any spells.
Your spell library was empty.

Dungeon Overview and Level Annotations

Branches:
Dungeon (2/15)

Altars:

Annotations:
D:4 Menkaure


Innate Abilities, Weirdness & Mutations

You can spit globs of acid.
Your golden yellow scales are hard. (AC +6)
You cannot fit into any form of body armour.
You are cold-blooded and may be slowed by cold attacks.
You are resistant to acid. (rCorr)


Message History

An orc wizard comes into view. It is wielding a +0 dagger.
Things that are here:
a +0 flail; a +0 leather armour; a scroll labeled AWEYTHIUDA You feel sick.
You feel sick.
You see here a +0 hand axe.
Menkaure, Prince of Dust comes into view.
You feel sick.
Menkaure shouts!
Menkaure casts a spell at you. Pain shoots through your body!
Menkaure mumbles some strange words.
Menkaure seems to speed up.
You see here a quarterstaff.
You feel sick. Menkaure hits you!
* * * LOW HITPOINT WARNING * * *
Things that are here:
a +0 scimitar; a +0 chain mail Menkaure hits you!
You die...

......†..#
#.....##......
.....###.###
#.....+....... ...
#...).# #.....##....#.
# #....#o#
#.....++......
#....#.###.....##......
#...##).##.....# ###.#.
..####...##.....# #.
...#(...M.##.....# #.
.. #..)#@.)....### #.
#...##.###### #.
#..####.# #. ...#
#.######## #. ####
#......... #. #..######
#. #....# .. #.
#..[.#####<.. ##.
#............ #..


You could see Menkaure and an orc.

Vanquished Creatures
  An orc warrior (D:4)
  Blork the orc (D:4)
  2 orc priests (D:4)
  A hound (D:4)
  3 orc wizards (D:4)
  5 worker ants (D:4)
  A howler monkey skeleton (D:4)
  2 adders
  2 oozes (D:1)
  A worm (D:2)
  2 dart slugs (D:1)
  7 orcs (D:4)
  A ball python (D:2)
  4 bats
  3 giant cockroaches
  2 hobgoblins
  A quokka (D:4)
  4 goblins
  4 kobolds
  2 rats
49 creatures vanquished.

Notes
Turn   | Place    | Note
-------+----------+-------------------------------------------
     0 | D:1      | goulibeur the Draconian Berserker began the quest for the
                  | Orb.
     0 | D:1      | Reached XP level 1. HP: 19/19 MP: 1/1
    41 | D:1      | Reached XP level 2. HP: 19/26 MP: 2/2
   404 | D:1      | Reached skill level 1 in Throwing
   635 | D:2      | Reached XP level 3. HP: 9/33 MP: 3/3
  1357 | D:2      | You fall through a shaft for 2 floors!
  1397 | D:4      | Reached skill level 4 in Fighting
  1397 | D:4      | Reached XP level 4. HP: 27/40 MP: 4/4
  1504 | D:4      | Reached XP level 5. HP: 31/46 MP: 5/5
  1750 | D:4      | Reached ** piety under Trog
  2057 | D:4      | Noticed Blork the orc
  2070 | D:4      | Killed Blork the orc
  2070 | D:4      | Reached XP level 6. HP: 52/53 MP: 6/6
  2198 | D:4      | Noticed an orc warrior
  2210 | D:4      | Killed an orc warrior
  2210 | D:4      | Reached skill level 5 in Fighting
  2532 | D:4      | Your scales start taking on a golden yellow colour.
  2532 | D:4      | Reached XP level 7. HP: 34/61 MP: 7/7
  2532 | D:4      | Gained mutation: You are resistant to acid. (rCorr) [Yellow
                  | Draconian growth]
  2539 | D:4      | Noticed Menkaure
  2542 | D:4      | HP: 1/61 [Menkaure (17)]
  2543 | D:4      | Demolished by Menkaure

Skill      XL: |  1  2  3  4  5  6 |
---------------+-------------------+-----
Dodging        | 3 4 |  4.3
Throwing       | 1 2 3 |  3.1
Fighting       | 4 5 |  5.2
Maces & Flails | 4 |  4.7

Action                   |  1- 3 |  4- 6 |  7- 9 || total
-------------------------+-------+-------+-------++-------
Melee: Mace              |    80 |    20 |       ||   100
       Tailslap          |    12 |    15 |     1 ||    28
       Flail             |       |    74 |     1 ||    75
Invok: Berserk           |       |     4 |       ||     4
 Stab: Distracted        |       |     1 |       ||     1
       Sleeping          |       |     1 |       ||     1
  Eat: Chunk             |     2 |     7 |       ||     9
Armor: Skin              |    19 |    25 |       ||    44
Dodge: Dodged            |    50 |    51 |       ||   101
